 Seeded DCSS version 0.32-a0-933-ga8fa363 (webtiles) character file.

Game seed: 3741840556892626594 (custom seed)

441 lyrin the Shooter (level 6, -15/51 HPs)
             Began as a Mountain Dwarf Hexslinger on Apr 14, 2024.
             Demolished by an ogre
             ... wielding a +0 giant club
              (18 damage)
             ... on level 4 of the Dungeon.
             The game lasted 00:08:07 (5892 turns).

lyrin the Shooter (Mountain Dwarf Hexslinger)       Turns: 5892, Time: 00:08:07

Health: -15/51     AC: 10    Str: 10    XL:     6   Next: 71%
Magic:  7/7        EV:  9    Int: 14    God:
Gold:   245        SH:  0    Dex: 14    Spells: 5/7 levels left

rFire   . . .        l - +0 hand axe
rCold   . . .        (no shield)
rNeg    . . .        h - +0 ring mail
rPois   +            s - +1 helmet
rElec   .            (no cloak)
rCorr   .            (no gloves)
SInv    .            u - +2 pair of boots
Will    .....        (no amulet)
Stlth   +            c - ring of poison resistance
HPRegen 0.28/turn    (no ring)
MPRegen 0.10/turn

%: no passive effects
@: no status effects
A: runic magic, artefact enchanting
a: no special abilities


You were on level 4 of the Dungeon.
You visited 1 branch of the dungeon, and saw 4 of its levels.

You collected 245 gold pieces.

Inventory:

Hand Weapons
 a - a +1 sling
 d - a +0 club
 l - a +0 hand axe (weapon)
 m - a +0 rapier
Armour
 h - a +0 ring mail (worn)
 s - a +1 helmet (worn)
 u - a +2 pair of boots (worn)
Magical Staves
 q - a staff of alchemy
Jewellery
 c - a ring of poison resistance (left hand)
Wands
 w - a wand of charming (8)
Scrolls
 b - a scroll of poison
 e - 2 scrolls of identify {unknown}
 f - a scroll of vulnerability {unknown}
 g - a scroll of teleportation
 r - a scroll of enchant weapon {unknown}
 t - a scroll of revelation {unknown}
 y - a scroll of amnesia {unknown}
Potions
 i - 2 potions of magic {unknown}
 j - a potion of enlightenment {unknown}
 k - 2 potions of brilliance
 n - a potion of degeneration {unknown}
 o - 3 potions of curing {unknown}
 p - a potion of cancellation {unknown}
 v - a potion of haste {unknown}
 x - a potion of mutation {unknown}


   Skills:
 + Level 3.1 Fighting
 + Level 0.4(0.5) Axes
 + Level 0.2(0.4) Maces & Flails
 + Level 4.6 Ranged Weapons
 + Level 2.2 Armour
 + Level 1.8 Dodging
 * Level 1.1 Spellcasting
 + Level 3.4 Hexes
 * Level 1.5 Fire Magic


You had 5 spell levels left.
You knew the following spells:

 Your Spells              Type           Power      Damage    Failure   Level
a - Scorch                Fire           10%        2d5       26%         2

Your spell library contained the following spells:

 Spells                   Type           Power      Damage    Failure   Level
 Jinxbite                 Hex            20%        N/A       12%         2
 Sigil of Binding         Hex            10%        N/A       24%         3
 Inner Flame              Hex/Fire       7%         N/A       34%         3
 Cause Fear               Hex            5%         N/A       61%         4
 Hailstorm                Conj/Ice       0%         3d5       67%         3
 Summon Ice Beast         Ice/Summ       0%         N/A       67%         3
 Dimensional Bullseye     Hex/Tloc       2%         N/A       85%         4
 Flame Wave               Conj/Fire      2%         2d4       93%         4
 Summon Mana Viper        Hex/Summ       5%         N/A       99%         5
 Permafrost Eruption      Ice/Erth       0%         2x4d1     100%        6
 Sculpt Simulacrum        Ice/Alch       0%         N/A       100%        6
 Summon Cactus Giant      Summ           0%         N/A       100%        6
 Monstrous Menagerie      Summ           0%         N/A       100%        7


Dungeon Overview and Level Annotations

Branches:
Dungeon (4/15)             Temple (0/1) D:4

Altars:
Gozag

Annotations:
D:3 Grinder


Innate Abilities, Weirdness & Mutations

Your spellcasting is much less encumbered by armour.
You can use scrolls of enchantment on lesser artefacts.


Message History

Found an opulent altar of Gozag.
No target in view!
Found a stone staircase leading up.
Found a staircase to the Ecumenical Temple.
y - a scroll labelled LOUGGI HUQI URAH An ogre comes into view.
It is wielding a +0 giant club.
The ogre shouts!
You shoot a sling bullet. The sling bullet hits the ogre.
The ogre is lightly wounded.
You shoot a sling bullet.
The sling bullet barely misses the ogre.
You shoot a sling bullet.
The sling bullet barely misses the ogre.
The ogre hits you with a +0 giant club!
You shoot a sling bullet. The sling bullet hits the ogre.
The ogre is moderately wounded.
The ogre barely misses you.
You shoot a sling bullet. The sling bullet hits the ogre.
The ogre is heavily wounded.
You shoot a sling bullet. The sling bullet hits the ogre.
The ogre is heavily wounded.
The ogre closely misses you.
You shoot a sling bullet. The sling bullet hits the ogre.
The ogre is severely wounded.
The ogre hits you with a +0 giant club!
You shoot a sling bullet. The sling bullet hits the ogre.
The ogre is severely wounded.
The ogre hits you with a +0 giant club!
You are too injured to fight recklessly!
You are too injured to fight recklessly!
Unknown command.
l - a +0 hand axe (weapon)
You hit the ogre.
The ogre is almost dead.
The ogre hits you with a +0 giant club!!
* * * LOW HITPOINT WARNING * * *
You completely miss the ogre.
The ogre is almost dead.
The ogre hits you with a +0 giant club!!
You die...

# # # # #
########### #
##.......... #
#####
#...#....... #
#...#
##.#.@.ß.ß.ß.
###<#.#
#..###O.⌠.⌠..
......# #.##
.ß.>.ß.
###.#.# ##.#
..⌠.⌠..
##.#..#####..#
.ß.ß.ß.
..###.......##
.......
##.#.>#####.##
#######
........>....#
.........##..#


You could see an ogre.

Vanquished Creatures
  An ogre (D:4)
  A howler monkey (D:4)
  A bombardier beetle (D:4)
  An orc priest (D:3)
  An iguana (D:2)
  An orc wizard (D:4)
  Robin (D:3)
  10 adders
  2 dart slugs
  2 ribbon worms
  3 orcs
  8 ball pythons
  5 endoplasms
  3 giant cockroaches
  18 goblins
  8 hobgoblins
  2 quokkas
  8 bats
  2 frilled lizards (D:1)
  7 kobolds
  8 rats
93 creatures vanquished.

Notes
Turn   | Place    | Note
-------+----------+-------------------------------------------
     0 | D:1      | lyrin the Mountain Dwarf Hexslinger began the quest for the
                  | Orb.
     0 | D:1      | Reached XP level 1. HP: 16/16 MP: 2/2
    90 | D:1      | Reached XP level 2. HP: 13/23 MP: 3/3
   358 | D:1      | Reached skill level 2 in Ranged Weapons
   653 | D:1      | Reached XP level 3. HP: 27/28 MP: 4/4
  1279 | D:2      | Reached XP level 4. HP: 22/36 MP: 5/5
  2025 | D:3      | Noticed Grinder
  2029 | D:3      | Paralysed by Grinder for 4 turns
  2041 | D:3      | Paralysed by Grinder for 4 turns
  2132 | D:3      | Noticed Robin
  2141 | D:2      | Reached skill level 3 in Ranged Weapons
  2724 | D:2      | Reached XP level 5. HP: 31/39 MP: 6/6
  3132 | D:3      | Killed Robin
  3133 | D:3      | Reached skill level 1 in Armour
  3537 | D:3      | Paralysed by Grinder for 3 turns
  3738 | D:3      | Found a faded altar of an unknown god.
  4156 | D:3      | Paralysed by Grinder for 2 turns
  4175 | D:3      | Paralysed by Grinder for 4 turns
  4643 | D:4      | Reached skill level 4 in Ranged Weapons
  4896 | D:4      | Reached XP level 6. HP: 50/50 MP: 7/7
  5630 | D:4      | Learned a level 2 spell: Scorch
  5821 | D:4      | Found an opulent altar of Gozag.
  5876 | D:4      | Found a staircase to the Ecumenical Temple.
  5892 | D:4      | Demolished by an ogre

Illustrated notes

Levels and vault maps discovered:
D:1:      ncdulo_halloftheorcs, layout_loops_ring
D:2:      layout_loops_ring, grunt_ministairs_1, chequers_serial_rivers_room_a
D:3:      layout_loops_ring, hellmonk_ecumenical_altar_leap_of_faith,
          grunt_ministairs_3, lemuel_flame_loot_1, uniq_grinder, uniq_robin
D:4:      layout_loops_ring, lemuel_doored_altar,
          minmay_temple_entry_statues_fountains, grunt_decor_junction

Skill      XL: |  1  2  3  4  5  6 |
---------------+-------------------+-----
Ranged Weapons | 2 3 4 |  4.6
Fighting       | 2 3 |  3.1
Armour         | 1 2 |  2.2
Axes           | |  0.4
Maces & Flails | |  0.2
Dodging        | |  1.8
Spellcasting   | |  1.1
Hexes          | |  3.4
Fire Magic     | |  1.5

Action                     |  1- 3 |  4- 6 || total
---------------------------+-------+-------++-------
  Melee: Club              |    18 |       ||    18
         Rapier            |     3 |       ||     3
         Hand axe          |       |    44 ||    44
   Fire: Sling             |   165 |   276 ||   441
    Use: Potion            |     3 |       ||     3
         Scroll            |       |     1 ||     1
 Armour: Robe              |    23 |       ||    23
         Ring mail         |    97 |   218 ||   315
  Dodge: Dodged            |   109 |   147 ||   256

Table legend: (Time is in decaauts)
 A = Elapsed time spent in this place.
 B = Non-inter-level travel time spent in this place.
 C = Inter-level travel time spent in this place.
 D = Time resting spent in this place.
 E = Time spent auto-exploring this place.
 F = Levels seen in this place.
 G = Mean time per level.
                   A        B        C        D        E       F      G
               +--------+--------+--------+--------+--------+-----+--------+
         Total |   6081 |   5777 |    304 |   1909 |   2610 |   4 | 1520.2 |
       Dungeon |   6081 |   5777 |    304 |   1909 |   2610 |   4 | 1520.2 |
               +--------+--------+--------+--------+--------+-----+--------+

Top non-repeatable levels by time:
     D:2: 2211 daAuts
     D:3: 1758 daAuts
     D:4: 1202 daAuts
     D:1: 910 daAuts
